 Dungeon Sprint DCSS version 0.27.1-35-g4d5d836560 (webtiles) character file.

Game seed: 10698088778765304880

107 NoSkeletonsAllowed the Chopper (level 4, -1/48 HPs)
             Began as a Deep Dwarf Berserker on Mar 6, 2022.
             Was a Follower of Trog.
             Killed from afar by Sigmund (4 damage)
             ... with a magic dart
             ... in the Dungeon (Sprint I: "Red Sonja").
             The game lasted 00:02:01 (86 turns).

NoSkeletonsAllowed the Chopper (Deep Dwarf Berserker) Turns: 86, Time: 00:02:01

Health: -1/48      AC:  2    Str: 22    XL:     4   Next: 57%
Magic:  4/4        EV: 13    Int:  7    God:    Trog [*.....]
Gold:   0          SH:  0    Dex: 12    Spells: 3/3 levels left

rFire    . . .     SeeInvis .   a - +0 hand axe
rCold    . . .     Faith    .   (no shield)
rNeg     . . .     Spirit   .   b - +0 animal skin
rPois    .         Reflect  .   (no helmet)
rElec    .         Harm     .   (no cloak)
rCorr    .         Rampage  .   (no gloves)
Will     .....     NoTele   +   (no boots)
Stlth    +.........             (no amulet)
HPRegen  0.00/turn              (no ring)
MPRegen  0.09/turn              (no ring)

@: confused
A: damage resistance, heal wounds, sense surroundings 1, no regeneration
a: Heal Wounds, Renounce Religion, Berserk


You were in the Dungeon.
You worshipped Trog.
Trog was aware of your devotion.
You visited 1 branch

Inventory:

Hand Weapons
 a - a +0 hand axe (weapon)
 c - a +0 giant club
Armour
 b - a +0 animal skin (worn)
Scrolls
 h - a scroll of blinking
Potions
 e - a potion of haste
 f - 2 potions of magic


   Skills:
 + Level 5.9 Fighting
 + Level 6.9 Axes
 + Level 3.6 Armour
 + Level 4.2 Dodging


You had 3 spell levels left.
You didn't know any spells.
Your spell library was empty.

Dungeon Overview and Level Annotations

Branches:
Dungeon (1/1)

Altars:

Annotations:
D Sigmund


Innate Abilities, Weirdness & Mutations

You are resistant to damage.
You can heal yourself by infusing magical energy.
You passively map a small area around you.
You do not regenerate.


Message History

You feel much better.
Sigmund hits you from afar with a +0 scythe!
There is an open door here.
You slash Sigmund!
Sigmund is moderately wounded.
Sigmund hits you with a +0 scythe!
You slash Sigmund!
Sigmund is severely wounded.
You're still recovering from your berserk rage.
You completely miss Sigmund.
Sigmund is severely wounded.
Sigmund drinks a potion.
Sigmund is healed!
You hit Sigmund.
Sigmund is lightly wounded.
Sigmund completely misses you.
You slash Sigmund!
Sigmund is heavily wounded.
Sigmund gestures at you while chanting. The puff of flame hits you!
You hit Sigmund.
Sigmund is heavily wounded.
Sigmund screams, "I am the angel of ZOT!!!"
Sigmund casts a spell at you.
You are confused.
You are too confused!
You recover from your berserk rage.
Sigmund closely misses you.
You hit Sigmund.
Sigmund is severely wounded.
Sigmund hits you with a +0 scythe!
* * * LOW HITPOINT WARNING * * *
You hit Sigmund.
Sigmund is almost dead.
Sigmund hits you but does no damage.
You bump into the rock wall.
Sigmund hits you with a +0 scythe!
* * * LOW HITPOINT WARNING * * *
You bump into the stone wall.
Sigmund points at you and mumbles some strange words.
The magic dart hits you.
You die...

#############
*
#<.#..'†.#.@+
#..').#..'@.#,
#..#####+####*
*_ * #..# * ,
#..# _* * ,*
#..# _ _ +*_
#⌠⌠# ∩ , ,
#### , * *, __
** ,


You could see Sigmund.

Vanquished Creatures
  An ogre (D)
  Ijyb (D)
2 creatures vanquished.

Notes
Turn   | Place    | Note
-------+----------+-------------------------------------------
     0 | D        | NoSkeletonsAllowed the Deep Dwarf Berserker began the quest
                  | for the Orb.
     0 | D        | Reached XP level 1. HP: 20/20 MP: 1/1
     2 | D        | Noticed Ijyb
    41 | D        | Killed Ijyb
    42 | D        | Reached skill level 5 in Axes
    42 | D        | Reached XP level 2. HP: 9/30 MP: 2/2
    50 | D        | Noticed an ogre
    55 | D        | Killed an ogre
    56 | D        | Reached skill level 5 in Fighting
    56 | D        | Reached skill level 6 in Axes
    56 | D        | Reached XP level 3. HP: 33/40 MP: 3/3
    56 | D        | Reached XP level 4. HP: 39/48 MP: 4/4
    71 | D        | Noticed Sigmund
    86 | D        | Killed from afar by Sigmund

Illustrated notes

Levels and vault maps discovered:
D:        dungeon_sprint_1 [red_sonja_temple_1, red_sonja_temple_small_1]

Skill      XL: |  1  2 |
---------------+-------+-----
Fighting       | 4 5 |  5.9
Axes           | 5 6 |  6.9
Dodging        | 3 4 |  4.2
Armour         | 3 |  3.6

Action                   |  1- 3 |  4- 6 || total
-------------------------+-------+-------++-------
Melee: Hand axe          |    40 |     8 ||    48
 Abil: Heal Wounds       |     1 |     1 ||     2
  Use: Potion            |     3 |       ||     3
Armor: Animal skin       |       |     1 ||     1
Dodge: Dodged            |    19 |     2 ||    21
